 Dungeon Crawl Stone Soup version 0.18.1-50-g88ac8fd (webtiles) character file.

2267 KarmaPolice the Slicer (level 9, -3/71 HPs)
             Began as a Vampire Assassin on Oct 1, 2016.
             Killed from afar by an electric eel (14 damage)
             ... with a bolt of electricity
             ... on level 6 of the Dungeon.
             The game lasted 00:18:10 (7812 turns).

KarmaPolice the Slicer (Vampire Assassin)           Turns: 7812, Time: 00:18:10

Health: -3/71      AC:  5    Str: 12    XL:     9   Next: 16%
Magic:  9/9        EV: 17    Int: 13    God:
Gold:   298        SH:  0    Dex: 17    Spells: 0 memorised, 8 levels left

rFire  x . .     SeeInvis +     p - +2 short sword (drain)
rCold  + + .     Gourm    .     c - +0 robe
rNeg   + + .     Faith    .     (no shield)
rPois  +         Spirit   .     (no helmet)
rElec  .         Dismiss  .     d - +0 cloak
rCorr  .         Reflect  .     v - +0 pair of gloves
SustAt .         Harm     .     j - +0 pair of boots
MR     +....                    (no amulet)
Stlth  ++++......               u - ring of ice
                                C - ring of protection from magic

@: regenerating slowly, somewhat resistant to hostile enchantments, stealthy
A: fangs 3, see invisible, unbreathing
a: Bat Form


You were on level 6 of the Dungeon.
You were very thirsty.

You visited 1 branch of the dungeon, and saw 6 of its levels.

You collected 298 gold pieces.

Inventory:

Hand Weapons
 a - a +2 dagger
 b - a +0 blowgun
 p - a +2 short sword of draining (weapon)
Missiles
 e - 4 poisoned needles
 f - a curare-tipped needle
Armour
 c - a +0 robe (worn)
 d - a +0 cloak (worn)
 j - a +0 pair of boots (worn)
 v - a +0 pair of gloves (worn)
Rods
 n - a +2 rod of inaccuracy (10/10)
   (You found it on level 5 of the Dungeon)
Jewellery
 u - a ring of ice (right hand)
 C - a ring of protection from magic (left hand)
Wands
 s - a wand of confusion (25/48)
 z - a wand of slowing (20/48)
 B - a wand of random effects (15/48)
Scrolls
 h - 3 scrolls of blinking
 i - 2 scrolls of noise
 l - 3 scrolls of identify
 m - 6 scrolls of teleportation
 t - a scroll of remove curse
 w - 2 scrolls of fog {unknown}
 x - a scroll of magic mapping {unknown}
 y - 3 scrolls of amnesia
 A - a scroll of immolation {unknown}
Potions
 g - 11 potions of blood
 k - a potion of degeneration {unknown}
 o - 5 potions of curing {unknown}
 q - a potion of flight {unknown}
 r - 2 potions of agility {unknown}


   Skills:
 + Level 6.5 Fighting
 + Level 8.1 Short Blades
 - Level 1.5 Throwing
 + Level 7.6 Dodging
 - Level 6.3 Stealth


You had 8 spell levels left.
You didn't know any spells.

Dungeon Overview and Level Annotations

Branches:
Dungeon (6/15)
 Temple: D:4-7

Altars:
Ashenzari
Cheibriados
Gozag
Pakellas
Zin

Shops:
D:6 %


Innate Abilities, Weirdness & Mutations

You heal slowly.
You have razor-sharp teeth.
You have supernaturally acute eyesight.
You can survive without breathing.


Message History

The giant frog zombie completely misses you.
You hit the giant frog zombie.
The giant frog zombie hits you but does no damage.
You hit the giant frog zombie.
The giant frog zombie barely misses you.
You hit the giant frog zombie. The giant frog zombie hits you.
You hit the giant frog zombie.
The giant frog zombie closely misses you.
You hit the giant frog zombie.
The giant frog zombie closely misses you.
You hit the giant frog zombie. The giant frog zombie hits you.
You hit the giant frog zombie.
You destroy the giant frog zombie!
The electric eel shoots out a bolt of lightning at you!
The bolt of electricity hits you!
* * * LOW HITPOINT WARNING * * *
The electric eel shoots out a bolt of lightning at you!
The bolt of electricity hits you!
You die...

≈≈≈≈≈≈≈≈≈≈≈≈≈≈≈≈≈≈≈≈≈≈≈≈≈≈≈≈≈
≈≈≈≈≈≈≈≈≈≈≈≈≈≈≈≈≈≈≈≈≈≈≈≈≈≈(≈;
≈≈≈.≈..≈...≈.≈≈.≈.;≈;.≈≈.≈≈≈≈
.............................
.............................
.............................
(......>.........############
###.###...######.# ###.#
##...# #@# ....# #...# #.#
....####...## #.#
#...........# #.#
#...####.#..####.#
.................#
....####..÷.####.# .##.#
#....# #.# ....# #..#.## #.#


You could see an electric eel.

Vanquished Creatures
  2 sky beasts (D:6)
  A phantom (D:5)
  7 ogres
  A giant frog (D:5)
  A water moccasin zombie (D:5)
  5 scorpions
  A vampire bat (D:5)
  An electric eel (D:6)
  A crimson imp (D:6)
  2 giant frog zombies (D:6)
  7 hounds
  9 orc wizards
  A centaur skeleton (D:5)
  A giant frog skeleton (D:6)
  An iguana (D:6)
  A worker ant (D:4)
  6 gnolls (D:5)
  7 adders
  A shadow imp (D:6)
  3 oozes
  3 worms
  A dart slug (D:4)
  9 giant geckos
  25 orcs
  6 ball pythons
  5 giant cockroaches
  10 hobgoblins
  10 jackals
  12 kobolds
  3 quokkas
  14 bats
  A giant gecko skeleton (D:5)
  A giant gecko zombie (D:6)
  2 giant newts
  7 goblins
  A jackal skeleton (D:5)
  3 rats
172 creatures vanquished.

Notes
Turn   | Place    | Note
--------------------------------------------------------------
     0 | D:1      | KarmaPolice the Vampire Assassin began the quest for the Orb.
     0 | D:1      | Reached XP level 1. HP: 16/16 MP: 1/1
   277 | D:1      | Reached XP level 2. HP: 14/22 MP: 2/2
   775 | D:1      | Found a shattered altar of Ashenzari.
   976 | D:2      | Found an oddly glowing altar of Pakellas.
   981 | D:2      | Reached XP level 3. HP: 27/27 MP: 3/3
   998 | D:2      | Found an opulent altar of Gozag.
   999 | D:2      | Found a glowing silver altar of Zin.
  1081 | D:2      | Noticed an ogre
  1084 | D:2      | Noticed a centaur
  1154 | D:2      | Reached skill level 3 in Short Blades
  1514 | D:3      | Reached XP level 4. HP: 34/34 MP: 4/4
  2073 | D:4      | Reached XP level 5. HP: 21/40 MP: 5/5
  2081 | D:4      | Reached skill level 4 in Short Blades
  2497 | D:4      | Noticed an ogre
  2500 | D:4      | Killed an ogre
  2500 | D:4      | Reached XP level 6. HP: 43/47 MP: 6/6
  3156 | D:4      | Reached skill level 5 in Short Blades
  3366 | D:4      | Reached XP level 7. HP: 54/54 MP: 7/7
  3454 | D:4      | Reached skill level 5 in Dodging
  3485 | D:4      | Found a snail-covered altar of Cheibriados.
  3818 | D:5      | Entered Level 5 of the Dungeon
  3933 | D:5      | Reached skill level 6 in Short Blades
  3964 | D:5      | Reached skill level 5 in Fighting
  4021 | D:5      | Reached XP level 8. HP: 57/62 MP: 8/8
  5051 | D:5      | Reached skill level 7 in Short Blades
  6803 | D:6      | Found Sudiag's Food Emporium.
  6824 | D:6      | Reached XP level 9. HP: 69/69 MP: 9/9
  6886 | D:6      | Reached skill level 8 in Short Blades
  6945 | D:6      | Got a warped robe
  6956 | D:6      | Identified the +0 robe of Beauty {-Cast rElec rC+++ Int-4} (You found it on level 6 of the Dungeon)
  7235 | D:6      | Identified a +2 rod of inaccuracy (10/10) (You found it on level 5 of the Dungeon)
  7812 | D:6      | Killed from afar by an electric eel

Skill      XL: |  1  2  3  4  5  6  7  8  9 |
---------------+----------------------------+-----
Stealth        | 6 |  6.3
Fighting       | 2 3 4 5 6 |  6.5
Dodging        | 2 3 4 5 7 |  7.6
Short Blades   | 3 4 5 6 7 8 |  8.1
Throwing       | |  1.5

Action                   |  1- 3 |  4- 6 |  7- 9 || total
-------------------------+-------+-------+-------++-------
Melee: Dagger            |    50 |       |       ||    50
       Short sword       |    53 |   153 |   344 ||   550
       Bite              |       |    17 |    45 ||    62
 Fire: Blowgun           |     1 |       |    12 ||    13
 Abil: End Transformatio |       |     2 |     5 ||     7
       Bat Form          |       |     2 |     5 ||     7
  Use: Potion            |       |     2 |     4 ||     6
       Scroll            |       |       |     6 ||     6
 Stab: Sleeping          |    15 |     8 |    11 ||    34
       Distracted        |       |       |     1 ||     1
  Eat: Corpse            |     1 |     1 |     1 ||     3
Armor: Robe              |    35 |    27 |    53 ||   115
Dodge: Dodged            |    62 |    80 |   252 ||   394
